 Dungeon Crawl Stone Soup version 0.30.1-11-g7821555f0a (webtiles) character file.

Game seed: 3511299079757671818

249 FlodingonDalloogus the Grave Robber (level 6, -4/42 HPs)
             Began as a Human Necromancer on Dec 22, 2023.
             Shot with an arrow by a centaur (6 damage)
             ... on level 3 of the Dungeon.
             The game lasted 01:07:00 (2361 turns).

FlodingonDalloogus the Grave Robber (HuNe)          Turns: 2361, Time: 01:07:01

Health: -4/42      AC:  6    Str:  8    XL:     6   Next: 35%
Magic:  20/20      EV: 10    Int: 21    God:
Gold:   54         SH:  0    Dex: 13    Spells: 10/11 levels left

rFire   + . .        o - +0 halberd (protect)
rCold   + . .        (shield currently unavailable)
rNeg    . . .        q - +0 ring mail
rPois   +            f - +0 helmet {Int+3}
rElec   +            (no cloak)
rCorr   +            (no gloves)
SInv    .            (no boots)
Will    .....        (no amulet) Stlth
                     e - ring of magical power
HPRegen 0.27/turn    (no ring)
MPRegen 0.17/turn

%: no passive effects
@: mighty, silenced, resistant
A: no striking features
a: no special abilities


You were on level 3 of the Dungeon.
You visited 1 branch of the dungeon, and saw 3 of its levels.

You collected 54 gold pieces.

Inventory:

Hand Weapons
 c - a +4 mace
 d - a +0 spear
 o - a +0 halberd of protection (weapon)
 p - a +0 flail
 t - a +1 whip of pain
Missiles
 l - 2 atropa-tipped darts (quivered)
Armour
 f - a +0 helmet of intelligence (worn)
 i - a +0 leather armour
 q - a +0 ring mail (worn)
Jewellery
 e - a ring of magical power (left hand)
Scrolls
 j - 2 scrolls of poison {unknown}
 m - a scroll of enchant armour {unknown}
 r - 2 scrolls of identify {unknown}
 s - 2 scrolls of teleportation
 u - a scroll of fear {unknown}
Potions
 b - a potion of magic
 g - a potion of resistance
 k - a potion of might
 n - a potion of curing {unknown}


   Skills:
 + Level 0.8 Fighting
 - Level 2.0 Maces & Flails
 + Level 1.2 Armour
 + Level 2.9 Dodging
 + Level 2.2 Stealth
 + Level 3.4 Spellcasting
 + Level 5.1 Necromancy


You had 10 spell levels left.
You knew the following spells:

 Your Spells              Type           Power      Damage    Failure   Level
a - Necrotise             Necr           100%       1d9       4%          1

Your spell library contained the following spells:

 Spells                   Type           Power      Damage    Failure   Level
 Vampiric Draining        Necr           25%        2d7       14%         3
 Animate Dead             Necr           25%        N/A       43%         4
 Agony                    Necr           25%        N/A       78%         5


Dungeon Overview and Level Annotations

Branches:
Dungeon (3/15)

Altars:


Message History

The hobgoblin barely misses you.
You closely miss the hobgoblin.
The hobgoblin is moderately wounded.
The hobgoblin closely misses you.
You hit the hobgoblin.
The hobgoblin is almost dead.
The hobgoblin hits you but does no damage. x2
You hit the hobgoblin.
You kill the hobgoblin!
Found a scroll labelled HYZXIXTADGHY.
r - 2 scrolls labelled HYZXIXTADGHY (gained 1)
Found a scroll labelled NUIRAY DEIZIFF.
Found a scroll of teleportation.
u - a scroll labelled NUIRAY DEIZIFF
Found a scroll labelled MUQANE OCROULUA.
s - 2 scrolls of teleportation (gained 1)
j - 2 scrolls labelled MUQANE OCROULUA (gained 1)
As you read the scroll labelled BYNOCW RUKIPTINE, it crumbles to dust.
It is a scroll of brand weapon.
Your +0 halberd projects an invisible shield of force!
o - a +0 halberd of protection (weapon)
As you read the scroll labelled UCOR PEL OSCH, it crumbles to dust.
A profound silence engulfs you.
It was a scroll of silence.
A centaur comes into view.
The centaur wields a +0 shortbow.
The centaur shoots an arrow.
The arrow barely misses you.
The centaur shoots an arrow.
The arrow hits you.
The centaur shoots an arrow.
The arrow hits you!
The centaur shoots an arrow.
The arrow hits you!
The centaur shoots an arrow.
The arrow hits you!
The centaur shoots an arrow.
The arrow hits you!
* * * LOW HITPOINT WARNING * * *
It was a potion of resistance.
You feel protected.
The centaur shoots an arrow.
The arrow hits you.
* * * LOW HITPOINT WARNING * * *
It was a potion of might.
You feel very mighty all of a sudden.
The centaur shoots an arrow.
The arrow hits you.
You die...

..........# #. #c..#
#...# #...#
#...#######...#
#...##...##...#
#...#..8..#c..#
#............##
#.#######c####
###########.....@...#
#.............#####.#
.......####.#.# #.#
#.####.# ##.#.# #.#
.. #.###..#.# #.# ##
#.#......# #.####
#.#.#.#..#
#....######
######.#......#
#.#.......#
.......#.#.#..#
#.#.#.#.#.##


You could see a centaur.

Vanquished Creatures
  Jessica (D:2)
  Terence (D:2)
  Robin (D:2)
  6 gnolls
  3 adders
  2 worms
  3 dart slugs
  5 bats
  2 endoplasms
  6 giant cockroaches
  11 hobgoblins
  5 jackals (D:1)
  3 kobolds
  5 quokkas
  2 ball pythons
  6 frilled lizards
  16 goblins
  4 rats
82 creatures vanquished.

Vanquished Creatures (collateral kills)
  An endoplasm (D:1)
  3 goblins
  A rat (D:1)
5 creatures vanquished.

Grand Total: 87 creatures vanquished

Notes
Turn   | Place    | Note
-------+----------+-------------------------------------------
     0 | D:1      | FlodingonDalloogus the Human Necromancer began the quest
                  | for the Orb.
     0 | D:1      | Reached XP level 1. HP: 13/13 MP: 3/3
   188 | D:1      | Reached XP level 2. HP: 15/19 MP: 3/5
   488 | D:1      | Reached XP level 3. HP: 21/24 MP: 6/6
   767 | D:1      | Reached skill level 1 in Maces & Flails
   830 | D:1      | Reached XP level 4. HP: 30/30 MP: 7/7
  1170 | D:1      | You fall into a shaft and drop 1 floor!
  1172 | D:2      | Noticed Jessica
  1213 | D:2      | Killed Jessica
  1227 | D:2      | Noticed Robin
  1244 | D:2      | Killed Robin
  1245 | D:2      | Reached XP level 5. HP: 18/36 MP: 2/9
  1314 | D:2      | Noticed Terence
  1326 | D:2      | Killed Terence
  1327 | D:2      | Reached skill level 5 in Necromancy
  1689 | D:2      | Reached XP level 6. HP: 29/42 MP: 11/11
  2236 | D:3      | Reached skill level 1 in Armour
  2360 | D:3      | HP: 2/42 [centaur/arrow (3)]
  2361 | D:3      | Shot with an arrow by a centaur

Illustrated notes

Levels and vault maps discovered:
D:1:      saegor_arrival_simple_c, layout_basic
D:2:      layout_loops_corners, minmay_tetromino_l4, uniq_terence, uniq_robin,
          uniq_jessica
D:3:      layout_loops_ring, serial_glass, glass_columns_b, glass_columns_c,
          glass_columns_a, glass_columns_b, minmay_misc_feat_secret_circle,
          mrwooster_statue_mirror, kennysheep_flooded_box

Skill      XL: |  1  2  3  4  5  6 |
---------------+-------------------+-----
Maces & Flails | 1 2 |  2.0
Spellcasting   | 3 |  3.4
Necromancy     | 5 |  5.1
Armour         | 1 |  1.2
Fighting       | |  0.8
Dodging        | |  2.9
Stealth        | |  2.2

Action                     |  1- 3 |  4- 6 || total
---------------------------+-------+-------++-------
  Melee: Mace              |    32 |    57 ||    89
         Punch             |     1 |     1 ||     2
         Flail             |       |    54 ||    54
         Halberd           |       |    26 ||    26
  Throw: Dart              |       |     8 ||     8
   Cast: Necrotise         |    25 |    33 ||    58
    Use: Scroll            |     1 |     2 ||     3
         Potion            |       |     2 ||     2
   Stab: Betrayed ally     |       |     1 ||     1
         Sleeping          |       |     2 ||     2
         Invisible         |       |     1 ||     1
 Armour: Robe              |     4 |       ||     4
         Plate armour      |    23 |       ||    23
         Leather armour    |     6 |    18 ||    24
         Ring mail         |       |    11 ||    11
  Dodge: Dodged            |    17 |    80 ||    97
